Match 44360937
Unlisted

Match 44360937
End
Scout Squad
Construct Weapon Support Center
M1919 Machine Gun Team
M1919 Machine Gun Team
M1919 Machine Gun Team
Engineer Squad
Infantry Support Center
Selects Armored Battlegroup
Selects Fast Deploy
乌拉
咚咚锵个腿
0
0

Comments sign in to comment!

No comments posted yet!